 Dungeon Crawl Stone Soup version 0.13.0-9-gbc74161 (webtiles) character file.

13605 Malachi the Grappler (level 11, -5/91 HPs)
             Began as a Troll Wizard on Oct 17, 2013.
             Was a Believer of Kikubaaqudgha.
             Slain by a black mamba (20 damage)
             ... on Level 3 of the Lair of Beasts.
             The game lasted 00:44:19 (12324 turns).

Malachi the Grappler (Troll Wizard)                Turns: 12324, Time: 00:44:21

HP  -5/91        AC 10     Str 17      XL: 11   Next: 66%
MP   6/18        EV  9     Int 17      God: Kikubaaqudgha [**....]
Gold 844         SH  0     Dex  8      Spells:  6 memorised,  3 levels left

Res.Fire  : + . .   See Invis. : .     - Unarmed
Res.Cold  : + + .   Warding    : +   I - +2 robe {rC+ rF+}
Life Prot.: + . .   Conserve   : .   (shield restricted)
Res.Poison: .       Res.Corr.  : .   b - +0 wizard hat
Res.Elec. : .       Clarity    : .   y - +2 dwarf cloak
Sust.Abil.: . .     Spirit.Shd : .   (gloves unavailable)
Res.Mut.  : .       Stasis     : .   (boots unavailable)
Res.Rott. : .       Flight     : .   G - amulet of warding
Gourmand  : +                        J - ring of wizardry
                                     s - ring of protection from cold

@: about to teleport, quite poisoned, very slightly contaminated, somewhat
resistant to hostile enchantments, unstealthy
A: unfitting armour, claws 3, fast metabolism 3, gourmand, regeneration 2,
saprovore 2, tough skin 2, AC +1
a: Receive Corpses, Renounce Religion


You were on level 3 of the Lair of Beasts.
You worshipped Kikubaaqudgha.
Kikubaaqudgha was pleased with you.
You were near starving.

You visited 3 branches of the dungeon, and saw 15 of its levels.
You also visited: Sewer.

You collected 824 gold pieces.

Inventory:

Hand weapons
 H - a +2,+2 whip of electrocution
Missiles
 q - a throwing net
 A - 5 steel javelins (quivered)
Armour
 b - a +0 wizard hat (worn)
 y - a +2 dwarven cloak (worn)
 C - a +0 robe
 I - a +2 robe of resistance (worn)
Magical devices
 e - a wand of paralysis (7)
 j - a wand of polymorph (19) {unknown}
 t - a wand of fire (11)
 z - a wand of digging (13)
 L - a wand of paralysis (6)
 V - a wand of disintegration (10)
Comestibles
 d - 9 meat rations
 h - 4 bread rations
 u - a chunk of jackal flesh
 T - a slice of pizza
Scrolls
 f - 5 scrolls of fog
 g - 6 scrolls of remove curse
 l - 5 scrolls of magic mapping
 o - a scroll of enchant weapon I
 v - 2 scrolls of recharging {unknown}
 E - 4 scrolls of enchant armour
 O - a scroll of curse weapon {unknown}
Jewellery
 s - a ring of protection from cold (left claw)
 w - an uncursed ring of protection from magic
 F - a +2 ring of strength
 G - an amulet of warding (around neck)
 J - a ring of wizardry (right claw)
 N - an uncursed ring of fire
 S - an uncursed ring of ice
 W - an uncursed amulet of resist mutation
Potions
 a - a potion of speed
 k - 5 potions of brilliance
 m - a potion of curing
 n - a potion of magic
 B - a potion of porridge
 K - a potion of mutation
Books
 c - a book of Minor Magic

   Spells                             Type                      Level
   *Magic Dart                        Conjuration                  1
   *Blink                             Translocation                2
   Call Imp                           Summoning                    2
   *Repel Missiles                    Charms/Air                   2
   Slow                               Hexes                        2
   *Conjure Flame                     Conjuration/Fire             3
   *Mephitic Cloud                    Conjuration/Poison/Air       3
 p - a book of the Sky

   Spells                             Type                      Level
   Flight                             Charms/Air                   3
   Airstrike                          Air                          4
   Silence                            Hexes/Air                    5
   Deflect Missiles                   Charms/Air                   6
   Conjure Ball Lightning             Conjuration/Air              7
   Tornado                            Air                          9
 M - a book of Envenomations

   Spells                             Type                      Level
   Spider Form                        Transmutation/Poison         3
   Poison Weapon                      Charms/Poison                3
   Summon Scorpions                   Summoning/Poison             4
   Olgreb's Toxic Radiance            Poison                       4
   Poisonous Cloud                    Conjuration/Poison/Air       6
 P - a book of Necromancy

   Spells                             Type                      Level
   Pain                               Necromancy                   1
   Animate Skeleton                   Necromancy                   1
   Lethal Infusion                    Charms/Necromancy            2
   *Vampiric Draining                 Necromancy                   3
   Regeneration                       Charms/Necromancy            3
   Animate Dead                       Necromancy                   4
   Control Undead                     Necromancy                   4
 R - a book of Power

   Spells                             Type                      Level
   Iskenderun's Mystic Blast          Conjuration                  4
   Venom Bolt                         Conjuration/Poison           5
   Bolt of Magma                      Conjuration/Fire/Earth       5
   Fulminant Prism                    Conjuration/Hexes            5
   Iron Shot                          Conjuration/Earth            6
   Orb of Destruction                 Conjuration                  7
 X - Kikubaaqudgha's Reference Book on Necromancy
   (Kikubaaqudgha gifted it to you on level 10 of the Dungeon)

   Spells                             Type                      Level
   Animate Skeleton                   Necromancy                   1
   Corpse Rot                         Necromancy                   2
   Sublimation of Blood               Necromancy                   2
   *Vampiric Draining                 Necromancy                   3
   Control Undead                     Necromancy                   4
 Y - a book of Hinderance

   Spells                             Type                      Level
   Confusing Touch                    Hexes                        1
   Slow                               Hexes                        2
   Confuse                            Hexes                        3
   Petrify                            Transmutation/Earth          4
   Leda's Liquefaction                Hexes/Earth                  4
   Metabolic Englaciation             Hexes/Ice                    6
 Z - a book of Air

   Spells                             Type                      Level
   Shock                              Conjuration/Air              1
   Swiftness                          Charms/Air                   2
   *Repel Missiles                    Charms/Air                   2
   Flight                             Charms/Air                   3
   Static Discharge                   Conjuration/Air              3
   Lightning Bolt                     Conjuration/Air              5
Magical staves
 r - an uncursed staff of conjuration


   Skills:
 - Level 3.4 Fighting
 - Level 1.5 Dodging
 - Level 1.1 Stealth
 - Level 11.0 Unarmed Combat
 * Level 3.9 Spellcasting
 - Level 6.6 Conjurations
   Level 0.6 Summonings
 * Level 4.5 Necromancy
 - Level 1.0 Translocations
 - Level 0.1 Fire Magic
 - Level 6.1 Air Magic


You had 3 spell levels left.
You knew the following spells:

 Your Spells              Type           Power        Failure   Level  Hunger
a - Magic Dart            Conj           ####         1%          1    None
b - Blink                 Tloc           N/A          7%          2    ##.....
c - Repel Missiles        Chrm/Air       ##........   3%          2    ##.....
d - Mephitic Cloud        Conj/Pois/Air  ###.....     3%          3    ###....
e - Conjure Flame         Conj/Fire      ##......     5%          3    ###....
f - Vampiric Draining     Necr           ###.......   3%          3    ###....


Dungeon Overview and Level Annotations

Branches:
Dungeon (11/27)            Temple (1/1) D:6             Orc (0/4) D:8
   Lair (3/8) D:8
  Swamp: Lair:3-6    Shoals: Lair:3-6     Snake: Lair:3-6    Spider: Lair:3-6

Altars:
Ashenzari
Cheibriados
Elyvilon
Fedhas
Kikubaaqudgha
Makhleb
Nemelex Xobeh
Okawaru
Sif Muna
Trog
Vehumet
Xom
Yredelemnul
Zin
the Shining One

Shops:
D:5 %   D:10 (=[(


Innate Abilities, Weirdness & Mutations

You are too large for most types of armour.
You have claws for hands.
Your metabolism is lightning-fast.
You like to eat raw meat.
You heal very quickly.
You can eat rotten meat.
You are covered in fur (AC +1).
You have very tough skin (AC +2).


Message History

Read which item? (? for menu, Esc to quit)
As you read the scroll of teleportation, it crumbles to dust.
You feel strangely unstable.
* * * LOW HITPOINT WARNING * * *
You feel sick. The black mamba barely misses you.
The black mamba closely misses you. The hound bites you.
* * * LOW HITPOINT WARNING * * *
Casting: Vampiric Draining
Confirm with . or Enter, or press ? or * to list all spells.
Aiming: Vampiric Draining
Press: ? - help, Shift-Dir - straight line, f/p - black mamba
Aim: a black mamba (heavily wounded)
The black mamba is almost dead.
You feel life coursing into your body.
* * * LOW HITPOINT WARNING * * *
You feel sick.
You feel a little better. The black mamba bites you!
You die...
Kikubaaqudgha rasps: "You have failed me!
Welcome... death!"

#.. ...... #....
##.... ## ....
.... #..####.#.. #
#...#<....
....##f#..=...##
#.......@S.....#
...#.P##.h%..###
.$. #.##%....#
)................#
...>#..#..#f#...
...........### ..
.....#.#.##
#..###### ..


You could see a black mamba and a hound.

Vanquished Creatures
  A hydra (Lair:2)
  Pikel (D:7)
  A stone golem (D:10)
  A spiny frog (Lair:2)
  Psyche (D:8)
  An item mimic (D:8)
  2 trolls
  Grinder (D:6)
  3 blink frogs (Lair:3)
  A wraith (D:9)
  10 yaks
  3 hungry ghosts
  An elf skeleton (D:9)
  Edmund (D:9)
  5 human zombies (D:9)
  3 porcupines
  6 hippogriffs
  2 necrophages
  A swamp drake (D:8)
  A gnoll sergeant (D:7)
  2 ice beasts
  An orc warrior (D:4)
  Purgy (Sewer)
  2 sky beasts
  3 slaves (D:7)
  5 centaurs
  2 phantoms (D:5)
  5 ogres
  A crocodile (Lair:2)
  A big kobold (D:10)
  4 giant slugs
  8 giant frogs
  2 agate snails
  2 water moccasins (Lair:1)
  A human skeleton (D:9)
  An eye of draining (D:8)
  A komodo dragon skeleton (D:10)
  2 troll zombies
  A cyclops skeleton (D:9)
  A hippogriff skeleton (D:10)
  8 crimson imps
  A goliath beetle (D:6)
  6 hounds
  Crazy Yiuf (D:6)
  A gnoll shaman (D:7)
  6 iguanas
  6 jellies
  A black bear skeleton (D:4)
  6 orc priests
  5 worker ants
  9 orc wizards
  6 scorpions
  A big kobold zombie (D:9)
  An ogre zombie (D:5)
  Ijyb (D:6)
  Jessica (D:2)
  A hound skeleton (D:6)
  17 gnolls
  A giant centipede (Lair:2)
  16 adders
  2 giant mites
  A green rat (D:3)
  5 worms
  2 giant eyeballs (D:5)
  8 giant geckos
  2 oozes
  51 orcs
  20 bats
  A bat skeleton (D:4)
  8 giant cockroaches
  A grey rat (D:3)
  9 hobgoblins
  13 jackals
  4 quokkas
  2 ball pythons
  2 giant newts (D:3)
  A giant spore (D:9)
  11 goblins
  A jackal zombie (D:5)
  22 kobolds
  An orc skeleton (D:9)
  2 orc zombies (D:9)
  20 rats
  3 rat skeletons
  A rat zombie (D:7)
  A ballistomycete (D:9)
381 creatures vanquished.

Vanquished Creatures (others)
  A black bear (D:5)
  A slave (D:7)
  A centaur (D:5)
  A crimson imp (D:5)
  An adder (D:5)
  A giant mite (D:5)
  A giant eyeball (D:5)
  4 orcs
  A bat (D:5)
  2 giant cockroaches (D:5)
14 creatures vanquished.

Grand Total: 395 creatures vanquished

Notes
Turn   | Place    | Note
--------------------------------------------------------------
     0 | D:1      | Malachi, the Troll Wizard, began the quest for the Orb.
     0 | D:1      | Reached XP level 1. HP: 14/14 MP: 5/5
    81 | D:1      | Reached skill level 1 in Unarmed Combat
   177 | D:1      | Reached XP level 2. HP: 22/22 MP: 6/6
   847 | D:2      | Reached XP level 3. HP: 28/28 MP: 7/7
   863 | D:2      | Reached skill level 3 in Unarmed Combat
   867 | D:2      | Noticed Jessica
   879 | D:2      | Killed Jessica
   879 | D:2      | Reached XP level 4. HP: 12/36 MP: 8/8
  1155 | D:2      | Found a radiant altar of Vehumet.
  1385 | D:2      | Reached skill level 4 in Unarmed Combat
  1966 | D:3      | Noticed an ice beast
  1981 | D:3      | Killed an ice beast
  1981 | D:3      | Reached skill level 5 in Unarmed Combat
  1981 | D:3      | Reached XP level 5. HP: 29/42 MP: 8/8
  2144 | D:3      | Reached XP level 6. HP: 39/50 MP: 10/10
  2369 | D:3      | Reached skill level 6 in Unarmed Combat
  2394 | D:3      | Found a glowing drain.
  2557 | Sewer    | Entered a sewer
  2602 | Sewer    | Noticed Purgy
  2625 | Sewer    | Killed Purgy
  2812 | D:3      | Learned a level 2 spell: Blink
  2981 | D:4      | Reached skill level 7 in Unarmed Combat
  3062 | D:4      | Reached XP level 7. HP: 54/57 MP: 10/10
  3223 | D:4      | Reached skill level 8 in Unarmed Combat
  3355 | D:4      | Learned a level 2 spell: Repel Missiles
  3359 | D:4      | Learned a level 3 spell: Mephitic Cloud
  3658 | D:5      | Entered Level 5 of the Dungeon
  3675 | D:5      | Paralysed by a giant eyeball for 2 turns
  3686 | D:5      | Reached skill level 1 in Fighting
  3686 | D:5      | Paralysed by a giant eyeball for 2 turns
  4108 | D:5      | Found Juaguokh's Food Emporium.
  4118 | D:5      | Paralysed by a giant eyeball for 3 turns
  4122 | D:5      | Reached XP level 8. HP: 66/66 MP: 8/11
  4133 | D:5      | Paralysed by a giant eyeball for 3 turns
  4172 | D:5      | Found a shimmering altar of Xom.
  4211 | D:5      | Reached skill level 9 in Unarmed Combat
  4501 | D:5      | Found an iron altar of Okawaru.
  4816 | D:6      | Reached skill level 10 in Unarmed Combat
  4869 | D:6      | Noticed Ijyb
  4882 | D:6      | Killed Ijyb
  4925 | D:6      | Noticed Crazy Yiuf
  4942 | D:6      | Killed Crazy Yiuf
  5075 | D:6      | Noticed Grinder
  5082 | D:6      | Paralysed by Grinder for 5 turns
  5102 | D:6      | Killed Grinder
  5102 | D:6      | Reached XP level 9. HP: 45/75 MP: 12/12
  5141 | D:6      | Found a burning altar of Makhleb.
  5147 | D:6      | Found a glowing silver altar of Zin.
  5147 | D:6      | Noticed an angel
  5148 | D:6      | Noticed a blizzard demon
  5206 | D:6      | Reached skill level 11 in Unarmed Combat
  5503 | D:6      | Reached skill level 1 in Conjurations
  5524 | D:6      | Found a staircase to the Ecumenical Temple.
  5593 | D:6      | Reached skill level 1 in Air Magic
  5893 | Temple   | Entered the Ecumenical Temple
  6218 | D:7      | Noticed Pikel
  6236 | D:7      | Killed Pikel
  6654 | D:7      | Found a white marble altar of Elyvilon.
  6860 | D:7      | Found a basalt altar of Yredelemnul.
  6860 | D:7      | Found a sparkling altar of Nemelex Xobeh.
  7128 | D:8      | Reached XP level 10. HP: 82/84 MP: 13/13
  7154 | D:8      | Found a staircase to the Lair.
  7161 | D:8      | Noticed Psyche
  7175 | D:8      | Killed Psyche
  7354 | D:8      | Found a shimmering altar of Xom.
  7520 | D:8      | Learned a level 3 spell: Conjure Flame
  7544 | D:8      | Reached skill level 5 in Conjurations
  7617 | D:8      | Found a staircase to the Orcish Mines.
  8022 | D:8      | Paralysed by you for 7 turns
  8108 | D:9      | Reached skill level 5 in Air Magic
  8322 | D:9      | Found an ancient bone altar of Kikubaaqudgha.
  8328 | D:9      | Became a worshipper of Kikubaaqudgha
  8420 | D:9      | Noticed Edmund
  8431 | D:9      | Killed Edmund
  8716 | D:10     | Entered Level 10 of the Dungeon
  8842 | D:10     | Found Twokhant's Jewellery Boutique.
  8927 | D:10     | Found Hiaqyvow's Antique Weapon Shop.
  8954 | D:10     | Found Dizogog's Antique Armour Boutique.
  9049 | D:10     | Reached XP level 11. HP: 29/91 MP: 11/13
  9277 | D:10     | Acquired Kikubaaqudgha's first power
  9277 | D:10     | Received a gift from Kikubaaqudgha
  9281 | D:10     | Identified Kikubaaqudgha's Reference Book on Necromancy (Kikubaaqudgha gifted it to you on level 10 of the Dungeon)
  9318 | D:10     | Learned a level 3 spell: Vampiric Draining
  9341 | D:10     | Paralysed by a potion of paralysis for 2 turns
  9441 | D:10     | Found Xikky's Antique Weapon Boutique.
  9494 | D:10     | Reached skill level 1 in Necromancy
  9839 | Lair:1   | Entered Level 1 of the Lair of Beasts
 10413 | Lair:1   | Acquired Kikubaaqudgha's second power
 10736 | Lair:2   | Reached skill level 1 in Translocations
 11181 | Lair:2   | Found an iron altar of Okawaru.
 11216 | Lair:2   | Noticed a four-headed hydra
 11225 | Lair:2   | Killed a four-headed hydra
 12324 | Lair:3   | Slain by a black mamba

Action                   |  1- 3 |  4- 6 |  7- 9 | 10-12 || total
-------------------------+-------+-------+-------+-------++-------
Melee: Unarmed           |    92 |   224 |   509 |   609 ||  1434
 Cast: Mephitic Cloud    |       |       |     5 |    12 ||    17
       Repel Missiles    |       |       |     1 |     1 ||     2
       Magic Dart        |       |       |       |     5 ||     5
       Vampiric Draining |       |       |       |    13 ||    13
       Blink             |       |       |       |     4 ||     4
       Conjure Flame     |       |       |       |     1 ||     1
Evoke: Wand              |       |       |     1 |    10 ||    11
  Use: Scroll            |     1 |       |    21 |    10 ||    32
       Potion            |       |       |     1 |     8 ||     9
 Stab: Sleeping          |     2 |     3 |       |     3 ||     8
       Confused          |       |       |     2 |     7 ||     9
